 Dungeon Crawl Stone Soup version 0.23.0 (webtiles) character file.

Game seed: 14631670636352004490

771 Morrissey the Slasher (level 8, -2/54 HPs)
             Began as a Halfling Fighter on Feb 11, 2019.
             Slain by Sigmund
             ... wielding a +1 scythe of flaming
              (3 damage)
             ... on level 5 of the Dungeon.
             The game lasted 00:09:27 (4670 turns).

Morrissey the Slasher (Halfling Fighter)            Turns: 4670, Time: 00:09:27

Health: -2/54      AC: 11    Str: 19    XL:     8   Next: 9%
Magic:  8/8        EV: 10    Int:  6    God:
Gold:   203        SH: 11    Dex: 16    Spells: 7/7 levels left

rFire    . . .     SeeInvis .   a - +1 long sword
rCold    + . .     Gourm    .   c - +0 shield
rNeg     . . .     Faith    .   x - +3 ring mail
rPois    .         Spirit   .   (no helmet)
rElec    .         Reflect  .   b - +0 cloak
rCorr    .         Harm     .   l - +0 pair of gloves
MR       +....                  (no boots)
Stlth    +.........             (no amulet)
HPRegen  0.18/turn              u - ring of protection from magic
MPRegen  0.11/turn              y - ring of Midwinter {rC+ Str+2}

@: berserk cooldown, slowed, very slow
A: small, mutation resistance 1
a: no special abilities


You were on level 5 of the Dungeon.
You were not hungry.

You visited 1 branch of the dungeon, and saw 5 of its levels.
You also visited: Ossuary.

You collected 203 gold pieces.

Inventory:

Hand Weapons
 a - a +1 long sword (weapon)
Missiles
 g - 93 stones (quivered)
 j - 35 sling bullets
Armour
 b - a +0 cloak (worn)
 c - a +0 shield (worn)
 l - a +0 pair of gloves (worn)
 x - a +3 ring mail (worn)
Jewellery
 u - a ring of protection from magic (left hand)
 y - the ring of Midwinter (right hand) {rC+ Str+2}
   (You found it on level 5 of the Dungeon)

   [ring of strength]

   It affects your strength (+2).
   It protects you from cold.
Scrolls
 e - 2 scrolls of blinking {unknown}
 o - 4 scrolls of remove curse
 p - a scroll of teleportation
 q - a scroll of magic mapping {unknown}
 s - a scroll of immolation {unknown}
 t - a scroll of fear
Potions
 h - 2 potions of lignification {unknown}
 i - 3 potions of haste
 k - a potion of mutation {unknown}
 m - a potion of magic
 n - a potion of brilliance {unknown}
 r - 4 potions of heal wounds
 v - 3 potions of curing {unknown}
 w - 2 potions of berserk rage
 z - a potion of might
Comestibles
 d - 3 chunks of flesh
 f - 6 rations


   Skills:
 + Level 4.3 Fighting
 * Level 5.6 Long Blades
 + Level 5.3 Armour
 + Level 5.2 Shields


You had 7 spell levels left.
You didn't know any spells.
Your spell library was empty.

Dungeon Overview and Level Annotations

Branches:
Dungeon (5/15)
 Temple: D:4-7

Altars:

Shops:
D:5 }

Annotations:
D:4 3 runed translucent doors, D1HalberdGnoll's ghost, amateur DsBe
D:5 Sigmund


Innate Abilities, Weirdness & Mutations

You are small and have problems with some larger weapons.
You are somewhat resistant to further mutation.


Message History

Your ring mail prevents you from hitting something.
Something hits you. Something burns you.
You closely miss something. Something hits you!
* * * LOW HITPOINT WARNING * * *
Something burns you.
* * * LOW HITPOINT WARNING * * *
You hit something but do no damage. Something hits you.
* * * LOW HITPOINT WARNING * * *
Something burns you.
* * * LOW HITPOINT WARNING * * *
You closely miss something. Something hits you but does no damage.
Something hits you.
* * * LOW HITPOINT WARNING * * *
Something burns you.
* * * LOW HITPOINT WARNING * * *
Unknown command.
You miss something. Something hits you!
* * * LOW HITPOINT WARNING * * *
Something burns you.
You die...

#......... #.....
##.#.#.... #.....
#.#.# ## .# #.....
#...# #.# #.....
##..# #.# #.....
#..# #.# #.....
#.>#
#####.###.....
##{#
........)...∩.
#@#######.###.....
#.................
#.#######.########
#.# #......... #.#
#.#######. ###
#.#.......
###.#####. #.# #.
#.# #.


There were no monsters in sight!

Vanquished Creatures
  A wraith (Ossuary)
  2 ogres
  A crimson imp (D:5)
  4 orc wizards
  4 worker ants
  A hound zombie (D:5)
  3 mummies (Ossuary)
  4 adders
  An adder skeleton (D:4)
  A worm (D:2)
  2 dart slugs
  6 leopard geckos
  9 orcs
  A ball python (D:1)
  5 bats
  5 giant cockroaches
  6 goblins
  5 hobgoblins
  19 jackals
  14 kobolds
  5 quokkas
  10 frilled lizards
  A goblin zombie (Ossuary)
  2 hobgoblin zombies (Ossuary)
  6 kobold zombies (Ossuary)
  7 rats
125 creatures vanquished.

Notes
Turn   | Place    | Note
-------+----------+-------------------------------------------
     0 | D:1      | Morrissey the Halfling Fighter began the quest for the Orb.
     0 | D:1      | Reached XP level 1. HP: 15/15 MP: 1/1
   333 | D:1      | Reached XP level 2. HP: 20/20 MP: 2/2
   833 | D:1      | Reached XP level 3. HP: 25/25 MP: 3/3
  1433 | D:2      | Reached XP level 4. HP: 20/31 MP: 4/4
  2469 | D:2      | Reached XP level 5. HP: 32/36 MP: 5/5
  2979 | D:3      | Reached XP level 6. HP: 39/42 MP: 6/6
  3295 | D:4      | Found a runed translucent gate.
  3296 | D:4      | Found a runed translucent gate.
  3296 | D:4      | Noticed D1HalberdGnoll's ghost (amateur DsBe)
  3297 | D:4      | Found a runed translucent gate.
  3297 | D:4      | Identified the cursed +1 dagger of Courage {drain, Stlth+}
  3410 | D:4      | Noticed an ogre
  3419 | D:4      | Killed an ogre
  3419 | D:4      | Reached XP level 7. HP: 19/47 MP: 7/7
  3421 | D:4      | Found a sand-covered staircase.
  3430 | Ossuary  | Entered an ossuary
  3430 | Ossuary  | Noticed a wraith
  3430 | Ossuary  | Noticed a wraith
  3430 | Ossuary  | Noticed a wraith
  3742 | Ossuary  | Noticed a wraith
  3758 | Ossuary  | Killed a wraith
  3758 | Ossuary  | Reached skill level 5 in Long Blades
  3950 | Ossuary  | Reached skill level 5 in Armour
  4178 | D:4      | Reached skill level 5 in Shields
  4443 | D:5      | Entered Level 5 of the Dungeon
  4464 | D:5      | Found Utoussuc's Gadget Shop.
  4494 | D:5      | Reached XP level 8. HP: 50/54 MP: 8/8
  4567 | D:5      | Got a crude jade ring
  4578 | D:5      | Identified the ring of Midwinter {rC+ Str+2} (You found it
                  | on level 5 of the Dungeon)
  4643 | D:5      | Noticed Sigmund
  4670 | D:5      | HP: 1/54 [something (11)]
  4670 | D:5      | Slain by Sigmund

Skill      XL: |  1  2  3  4  5  6  7 |
---------------+----------------------+-----
Fighting       | 3 4 |  4.3
Long Blades    | 3 4 5 |  5.6
Armour         | 4 5 |  5.3
Shields        | 4 5 |  5.2

Action                   |  1- 3 |  4- 6 |  7- 9 || total
-------------------------+-------+-------+-------++-------
Melee: Long sword        |   104 |   265 |   134 ||   503
Throw: Stone             |     8 |     7 |     4 ||    19
  Use: Scroll            |       |     8 |     3 ||    11
       Potion            |       |       |     2 ||     2
  Eat: Chunk             |     1 |     8 |     4 ||    13
Armor: Scale mail        |    53 |    85 |       ||   138
       Ring mail         |       |    16 |    50 ||    66
Dodge: Dodged            |    41 |   102 |    41 ||   184
Block: Shield            |    65 |   144 |    82 ||   291
       Rpst.: Long sword |    13 |    34 |    11 ||    58
